 Dungeon Crawl Stone Soup version 0.22-a0-396-g3f858e3 (webtiles) character file.

13220 Kairos the Blocker (level 12, -1/62 HPs)
             Began as a Vine Stalker Fighter on May 3, 2018.
             Was a High Priest of Okawaru.
             Slain by a spiny frog (9 damage)
             ... on level 3 of the Lair of Beasts.
             The game lasted 00:22:59 (10148 turns).

Kairos the Blocker (Vine Stalker Fighter)          Turns: 10148, Time: 00:23:00

Health: -1/62      AC: 19    Str: 23    XL:     12   Next: 3%
Magic:  0/13       EV: 16    Int:  8    God:    Okawaru [*****.]
Gold:   913        SH: 10    Dex: 17    Spells: 8/11 levels left

rFire    . . .     SeeInvis .   C - +0 whip (vamp)
rCold    + . .     Gourm    .   N - +2 buckler "Othamosu" {rPois rC+ rN+ MR-}
rNeg     + . .     Faith    .   b - +4 scale mail
rPois    +         Spirit   +   I - +1 helmet
rElec    .         Reflect  .   B - +1 cloak
rCorr    .         Harm     +   (no gloves)
MR       .....                  (no boots)
Stlth    ++........             j - amulet of harm
HPRegen  1.00/turn              F - +2 ring of dexterity
MPRegen  0.13/turn              S - +1 ring of protection

@: heroism
A: fangs 3, regeneration 2, magic shield, antimagic bite, no potion heal 3, rot
immunity
a: Heroism, Finesse, Renounce Religion


You were on level 3 of the Lair of Beasts.
You worshipped Okawaru.
Okawaru was extremely pleased with you.
You were not hungry.

You visited 3 branches of the dungeon, and saw 12 of its levels.
You also visited: Sewer.

You collected 913 gold pieces.

Inventory:

Hand Weapons
 a - a +0 war axe
 y - a +0 morningstar
 C - a +0 vampiric whip (weapon)
 P - the +9 executioner's axe of Inconvenience {holy, Str+3 Dex+3 SInv}
   (Okawaru gifted it to you on level 1 of the Lair of Beasts)

   It has been blessed by the Shining One to cause great damage to the undead
   and demons.
   It affects your strength (+3).
   It affects your dexterity (+3).
   It lets you see invisible.
Missiles
 Q - 2 throwing nets (quivered)
Armour
 b - a +4 scale mail (worn)
 B - a +1 cloak (worn)
 I - a +1 helmet (worn)
 N - the +2 buckler "Othamosu" (worn) {rPois rC+ rN+ MR-}
   (You found it on level 8 of the Dungeon)

   It protects you from cold.
   It protects you from poison.
   It protects you from negative energy.
   It affects your resistance to hostile enchantments.
Jewellery
 j - an amulet of harm (around neck)
 F - a +2 ring of dexterity (left hand)
 H - an uncursed ring of protection from fire
 K - an uncursed ring of protection from fire
 S - a +1 ring of protection (right hand)
 T - an uncursed ring of ice
Wands
 t - a wand of flame (61)
 O - a wand of iceblast (7)
Scrolls
 c - a scroll of identify
 g - a scroll of amnesia
 h - 6 scrolls of teleportation
 k - 3 scrolls of immolation
 m - 8 scrolls of remove curse
 p - a scroll of enchant weapon {unknown}
 r - 2 scrolls of fog {unknown}
 s - 3 scrolls of magic mapping
 x - 3 scrolls of fear
 J - 3 scrolls of enchant armour
 M - 2 scrolls of brand weapon {unknown}
Potions
 d - 4 potions of might
 e - 6 potions of curing
 i - 6 potions of brilliance
 l - 2 potions of berserk rage
 n - a potion of haste
 o - 4 potions of flight
 q - a potion of magic
 u - 3 potions of resistance {unknown}
 w - a potion of cancellation {unknown}
 z - a potion of ambrosia
 E - 2 potions of lignification {unknown}
 L - a potion of heal wounds {unknown}
Miscellaneous
 A - a lightning rod (2/4)
Comestibles
 f - 10 rations


   Skills:
 + Level 6.9(11.9) Fighting
 + Level 8.3(14.4) Axes
 + Level 6.7(13.6) Maces & Flails
 + Level 7.2(12.2) Armour
 + Level 4.0(9.0) Dodging
 + Level 1.9(6.9) Stealth
 + Level 9.0(14.0) Shields
 + Level 0.5 Invocations
 + Level 0.8 Evocations


You had 8 spell levels left.
You knew the following spells:

 Your Spells              Type           Power        Failure   Level  Hunger
a - Regeneration          Chrm/Necr      #.........   95%         3    ####...


Dungeon Overview and Level Annotations

Branches:
Dungeon (8/15)             Temple (1/1) D:6            Lair (3/6) D:8
  Snake (0/4) Lair:3
  Swamp: Lair:2-4    Shoals: Lair:2-4

Altars:
Dithmenos
Kikubaaqudgha
Nemelex Xobeh
Okawaru
Ru
Trog
Vehumet
Wu Jian
Xom
Zin

Shops:
D:8 [


Innate Abilities, Weirdness & Mutations

You have razor-sharp teeth.
You heal very quickly.
When hurt, damage is shared between your health and your magic reserves.
Your bite disrupts and absorbs the magic of your enemies.
Potions cannot restore your health.
You are immune to rotting.


Message History

You feel sick. The spiny frog stings you!
You are more poisoned.
The spiny frog poisons you! The spiny frog stings you!
* * * LOW HITPOINT WARNING * * *
You are too injured to fight recklessly!
You are too injured to fight recklessly!
You are too injured to fight recklessly!
You are too injured to fight recklessly!
You are too injured to fight recklessly!
You are too injured to fight recklessly!
You feel sick.
You feel very sick. The spiny frog closely misses you.
Okay, then.
You gain the combat prowess of a mighty hero.
You feel sick. You block the spiny frog's attack.
Your system rejects the healing.
You feel better. The spiny frog stings you!
* * * LOW HITPOINT WARNING * * *
The spiny frog stings you!
You die...

#..## #..............### #..#
####...............#
#.#####.##..............##
#..P.##..................####
#........###..#.....(.......#
#.....P.##
####............####
##..##### #...P#........#.###
.....# #...##P##..##......
....## ##@..###########...
.....## ##FF.# #......
...†..## #..### ##.....
.......## #..# #......
#.......## ...# #......
.........# ##.## ##......
........## ... #.......
........## ... #.......
#......#.# #..# #..#....


You could see 2 spiny frogs.

Vanquished Creatures
  2 hydras
  2 two-headed ogres (D:8)
  4 spiny frogs
  2 komodo dragons (Lair:1)
  Prince Ribbit (D:8)
  Grinder (D:3)
  4 hippogriffs
  A wyvern (D:8)
  2 basilisks (Lair:1)
  Sigmund (D:6)
  10 yaks (Lair:1)
  Edmund (D:6)
  A naga (Lair:3)
  3 water moccasins
  3 porcupines
  2 ice beasts
  2 sky beasts
  Purgy (Sewer)
  A necrophage (D:7)
  2 ogres
  2 centaurs
  3 wolves (Lair:1)
  19 crocodiles
  2 big kobolds
  6 bullfrogs
  3 scorpions
  4 killer bees (D:7)
  2 howler monkeys
  3 centaur zombies
  2 jellies
  A bullfrog zombie (D:8)
  2 hounds
  4 orc priests
  2 bullfrog skeletons (D:7)
  4 orc wizards
  8 iguanas
  8 worker ants
  2 hound zombies (D:7)
  A hound skeleton (D:7)
  2 worker ant zombies
  12 gnolls
  2 adders
  4 shadow imps
  An ooze (D:3)
  An adder skeleton (D:5)
  3 worms
  A dart slug (D:4)
  13 leopard geckos
  22 orcs
  A ball python (D:7)
  13 bats
  8 giant cockroaches
  8 goblins
  9 hobgoblins
  6 jackals (D:2)
  7 quokkas
  11 frilled lizards
  A jackal skeleton (D:7)
  30 kobolds
  A leopard gecko skeleton (D:4)
  A leopard gecko zombie (D:5)
  9 rats
  12 plants (D:6)
302 creatures vanquished.

Vanquished Creatures (others)
  A fungus (Lair:1)
1 creature vanquished.

Grand Total: 303 creatures vanquished

Notes
Turn   | Place    | Note
-------+----------+-------------------------------------------
     0 | D:1      | Kairos the Vine Stalker Fighter began the quest for the Orb.
     0 | D:1      | Reached XP level 1. HP: 11/11 MP: 2/2
   427 | D:1      | Reached XP level 2. HP: 16/16 MP: 3/3
  1056 | D:2      | Reached skill level 3 in Shields
  1099 | D:2      | Reached XP level 3. HP: 16/19 MP: 4/4
  1301 | D:2      | Gained mutation: Your natural rate of healing is unusually fast. [Vine Stalker growth]
  1301 | D:2      | Reached XP level 4. HP: 10/24 MP: 3/5
  2083 | D:3      | Found a glowing drain.
  2094 | Sewer    | Entered a sewer
  2151 | Sewer    | Noticed Purgy
  2162 | Sewer    | Killed Purgy
  2162 | Sewer    | Reached XP level 5. HP: 18/28 MP: 6/6
  2239 | D:3      | Noticed Grinder
  2254 | D:3      | Killed Grinder
  2254 | D:3      | Reached skill level 1 in Dodging
  2254 | D:3      | Reached skill level 4 in Shields
  2254 | D:3      | Reached XP level 6. HP: 25/32 MP: 7/7
  2466 | D:3      | Reached XP level 7. HP: 32/36 MP: 8/8
  2556 | D:3      | Found a sacrificial altar of Ru.
  2956 | D:4      | Found a radiant altar of Vehumet.
  3335 | D:4      | Found a sparkling altar of Nemelex Xobeh.
  3342 | D:4      | Found a bloodstained altar of Trog.
  3342 | D:4      | Found a glowing silver altar of Zin.
  3342 | D:4      | Found an ornate altar of the Wu Jian Council.
  3345 | D:4      | Found an ancient bone altar of Kikubaaqudgha.
  3417 | D:5      | Entered Level 5 of the Dungeon
  3758 | D:5      | Reached skill level 5 in Axes
  3817 | D:5      | Gained mutation: You have razor-sharp teeth. [Vine Stalker growth]
  3817 | D:5      | Reached XP level 8. HP: 42/42 MP: 9/9
  3829 | D:5      | Reached skill level 5 in Shields
  4285 | D:6      | Noticed Edmund
  4306 | D:6      | Killed Edmund
  4412 | D:6      | Found a staircase to the Ecumenical Temple.
  4491 | Temple   | Entered the Ecumenical Temple
  4508 | Temple   | Became a worshipper of Warmaster Okawaru
  4599 | D:6      | Noticed Sigmund
  4604 | D:6      | Killed Sigmund
  4627 | D:6      | Reached XP level 9. HP: 45/45 MP: 10/10
  5014 | D:6      | Reached skill level 6 in Shields
  5313 | D:7      | Reached * piety under Okawaru
  5931 | D:7      | Reached ** piety under Okawaru
  6077 | D:7      | Reached skill level 1 in Maces & Flails
  6600 | D:8      | Noticed Prince Ribbit
  6601 | D:8      | Found Wuedacyry's Antique Armour Boutique.
  6610 | D:8      | Killed Prince Ribbit
  6610 | D:8      | Reached skill level 5 in Armour
  6610 | D:8      | Reached skill level 7 in Shields
  6610 | D:8      | Reached XP level 10. HP: 42/51 MP: 11/11
  6643 | D:8      | Found a staircase to the Lair.
  6787 | D:8      | Reached skill level 5 in Fighting
  6835 | D:8      | Reached *** piety under Okawaru
  6885 | D:8      | Noticed a two-headed ogre
  6898 | D:8      | Killed a two-headed ogre
  6908 | D:8      | Got a heavily runed buckler
  6919 | D:8      | Identified the +2 buckler "Othamosu" {rPois rC+ rN+ MR-} (You found it on level 8 of the Dungeon)
  7000 | D:8      | Noticed a two-headed ogre
  7009 | D:8      | Killed a two-headed ogre
  7216 | Lair:1   | Entered Level 1 of the Lair of Beasts
  7245 | Lair:1   | Reached **** piety under Okawaru
  7592 | Lair:1   | Noticed a spiny frog
  7611 | Lair:1   | Killed a spiny frog
  7761 | Lair:1   | Reached skill level 8 in Shields
  7761 | Lair:1   | Reached XP level 11. HP: 22/56 MP: 5/12
  7889 | Lair:1   | Reached skill level 5 in Maces & Flails
  7988 | Lair:1   | Reached ***** piety under Okawaru
  8019 | Lair:1   | Received a gift from Okawaru
  8033 | Lair:1   | Got a polished executioner's axe {god gift}
  8039 | Lair:1   | Identified the +9 executioner's axe of Inconvenience {holy, Str+3 Dex+3 SInv} (Okawaru gifted it to you on level 1 of the Lair of Beasts)
  8785 | Lair:2   | Noticed a four-headed hydra
  8800 | Lair:2   | Killed a four-headed hydra
  9146 | Lair:2   | Received a gift from Okawaru
  9191 | Lair:2   | Learned a level 3 spell: Regeneration
  9738 | Lair:3   | Reached skill level 1 in Stealth
  9739 | Lair:3   | Noticed a five-headed hydra
  9771 | Lair:3   | Killed a five-headed hydra
  9950 | Lair:3   | Found a staircase to the Snake Pit.
  9991 | Lair:3   | Reached skill level 9 in Shields
  9991 | Lair:3   | Gained mutation: You heal very quickly. [Vine Stalker growth]
  9991 | Lair:3   | Reached XP level 12. HP: 62/62 MP: 10/13
 10148 | Lair:3   | Slain by a spiny frog

Vault maps used:
D:1:      elethiomel_arrival_infinity_welcomes_careful_drivers
D:2:      first_ration, kennysheep_doodads
D:3:      portal_sewer_entry_b, nicolae_ru_the_path_less_chosen, uniq_grinder
D:4:      minitemple, old_standard_altar
D:5:      wad_river_or_something
D:6:      kennysheep_kobold_camp, minmay_temple_entry_statues,
          sigmund_edmund_badplayer, uniq_edmund
D:7:      minmay_cornered_nines
D:8:      lair_entry_dummy, serial_shops, shop_fountains, uniq_prince_ribbit1
Temple:   nicolae_temple_elliptical
Lair:2:   lemuel_reptile_caves, serial_bayou_pond_e, grunt_megastairs_3,
          lemuel_fruit_tree, serial_bayou_shore_a
Lair:3:   guppyfry_snake_entry_garden, grunt_megastairs_4, uniq_gastronok
Sewer:    sewer_big_baddie

Skill      XL: |  1  2  3  4  5  6  7  8  9 10 11 |
---------------+----------------------------------+-----
Shields        | 3 4 5 7 8 9 |  9.0
Axes           | 2 3 4 5 6 8 |  8.3
Fighting       | 3 4 5 6 |  6.9
Armour         | 3 4 5 6 7 |  7.2
Dodging        | 1 2 3 4 |  4.0
Maces & Flails | 2 4 6 |  6.7
Stealth        | 1 |  1.9
Invocations    | |  0.5
Evocations     | |  0.8

Action                   |  1- 3 |  4- 6 |  7- 9 | 10-12 || total
-------------------------+-------+-------+-------+-------++-------
Melee: War axe           |    84 |   109 |   413 |    18 ||   624
       Bite              |    15 |    32 |   200 |   281 ||   528
       Whip              |       |       |    85 |   580 ||   665
       Executioner's axe |       |       |       |     7 ||     7
Invok: Heroism           |       |       |       |     7 ||     7
Evoke: Wand              |       |       |       |     7 ||     7
       Lightning rod     |       |       |       |     2 ||     2
  Use: Scroll            |     3 |     1 |     2 |    14 ||    20
       Potion            |       |     1 |       |     1 ||     2
 Stab: Distracted        |       |       |       |     1 ||     1
  Eat: Chunk             |     1 |     4 |     8 |     7 ||    20
       Ration            |       |       |     3 |     3 ||     6
Armor: Scale mail        |    42 |    60 |   174 |   170 ||   446
Dodge: Dodged            |    29 |    40 |   135 |   211 ||   415
Block: Shield            |    49 |    75 |   234 |    32 ||   390
       Buckler           |       |       |       |   164 ||   164

Table legend:
 A = Spawn XP
 B = Non-spawn XP
 C = Spawn XP percentage of total XP
 D = Spawn monster count
 E = Non-spawn monster count
 F = Spawn count percentage of total count
 G = Total turns spent on level
                    A         B        C        D         E        F      G
               +---------+---------+-------+---------+---------+-------+---------
         Total |       0 |   18887 |   0.0 |       0 |     290 |   0.0 | 10148
               +---------+---------+-------+---------+---------+-------+---------
           D:1 |       0 |      21 |   0.0 |       0 |      14 |   0.0 |   969
           D:2 |       0 |     124 |   0.0 |       0 |      37 |   0.0 |  1084
           D:3 |       0 |     389 |   0.0 |       0 |      25 |   0.0 |   656
           D:4 |       0 |     253 |   0.0 |       0 |      14 |   0.0 |   600
           D:5 |       0 |     661 |   0.0 |       0 |      15 |   0.0 |   773
           D:6 |       0 |    1026 |   0.0 |       0 |      45 |   0.0 |  1072
           D:7 |       0 |    1957 |   0.0 |       0 |      44 |   0.0 |  1295
           D:8 |       0 |    2848 |   0.0 |       0 |      13 |   0.0 |   634
        Lair:1 |       0 |    5439 |   0.0 |       0 |      28 |   0.0 |  1473
        Lair:2 |       0 |    3665 |   0.0 |       0 |      40 |   0.0 |   961
        Lair:3 |       0 |    2369 |   0.0 |       0 |       9 |   0.0 |   498
         Sewer |       0 |     135 |   0.0 |       0 |       6 |   0.0 |   108
               +---------+---------+-------+---------+---------+-------+---------
